 Dungeon Crawl Stone Soup version 0.27.1-1-g398f81649c (webtiles) character file.

Game seed: 10134777487182662334

6 alphawulf the Covered (level 1, 0/20 HPs)
             Began as a Minotaur Fighter on Sept 13, 2021.
             Slain by a kobold (2 damage)
             ... on level 1 of the Dungeon.
             The game lasted 00:01:08 (238 turns).

alphawulf the Covered (Minotaur Fighter)             Turns: 238, Time: 00:01:09

Health: 0/20       AC:  8    Str: 20    XL:     1   Next: 75%
Magic:  0/0        EV:  7    Int:  5    God:
Gold:   0          SH:  9    Dex:  9    Spells: 0/0 levels left

rFire    . . .     SeeInvis .   a - +0 long sword
rCold    . . .     Faith    .   c - +0 kite shield
rNeg     . . .     Spirit   .   b - +0 scale mail
rPois    .         Reflect  .   (helmet restricted)
rElec    .         Harm     .   (no cloak)
rCorr    .         Rampage  .   (no gloves)
Will     .....                  g - +0 pair of boots
Stlth    ..........             (no amulet)
HPRegen  0.06/turn              (no ring)
MPRegen  0.07/turn              (no ring)

@: no status effects
A: horns 2, retaliatory headbutt
a: no special abilities


You were on level 1 of the Dungeon.
You visited 1 branch of the dungeon, and saw 1 of its levels.

Inventory:

Hand Weapons
 a - a +0 long sword (weapon)
Missiles
 h - 24 sling bullets
 k - 9 bolts
Armour
 b - a +0 scale mail (worn)
 c - a +0 kite shield (worn)
 g - a +0 pair of boots (worn)
Scrolls
 e - a scroll of magic mapping {unknown}
 f - a scroll of blinking {unknown}
Potions
 d - a potion of might
 i - a potion of curing {unknown}
 j - a potion of flight {unknown}


   Skills:
 * Level 3.7 Fighting
 + Level 2.4 Long Blades
 * Level 3.9 Armour
 + Level 3.8 Shields


You couldn't memorise any spells.
You didn't know any spells.
Your spell library was empty.

Dungeon Overview and Level Annotations

Branches:
Dungeon (1/15)

Altars:


Innate Abilities, Weirdness & Mutations

You have a pair of horns on your head.
You reflexively headbutt those who attack you in melee.


Message History

k - 9 bolts You open the door.
Found a stone staircase leading down.
There is an open door here.
You open the door.
There is an open door here.
Found a leather armour.
A bat comes into view.
Found a scroll labelled XEQ IZXOHUPNA and 2 bubbling cyan potions.
A kobold comes into view. It is wielding a +0 club.
The kobold shouts!
You hear an angry hiss.
A bat comes into view.
You block the bat's attack.
A kobold comes into view.
It is wielding a +1 dagger of electrocution.
You block the bat's attack.
You barely miss the bat. The bat barely misses you.
You riposte.
You miss the bat.
A ball python comes into view.
The bat hits you but does no damage.
You closely miss the bat. The bat barely misses you. You furiously retaliate!
You headbutt the bat!
You kill the bat!
A rat comes into view.
The bat barely misses you. The bat hits you but does no damage.
You block the bat's attack. You block the bat's attack.
You miss the bat. Your headbutt misses the bat.
The bat hits you but does no damage. The bat barely misses you.
You riposte.
You slash the bat!
You kill the bat!
The kobold hits you but does no damage.
You are electrocuted!!
Ouch! That really hurt!
* * * LOW HITPOINT WARNING * * *
You hit the kobold but do no damage. You headbutt the kobold.
You kill the kobold!
You block the ball python's attack. The ball python misses you.
You slash the ball python!
You kill the ball python!
The kobold hits you with a +0 club.
You die...

#######.#######..####.....#
.. #.# .....# ###.#'##
..##.#.#.##.....# #.......
...#.#.#.#......# #.#.....
...[.#.#.......## #.#..>..
............# #.###...
.....(...# #.# #...
#.###### #.# #... #..K@..#
#.# #... #r####.# #.# #...
........# #.#######.#
r##.##..# #.........# S..#
########### ?...# ##.#.#
!.#.# .#...#


You could see a kobold and a rat.

Vanquished Creatures
  A dart slug (D:1)
  3 ball pythons (D:1)
  2 bats (D:1)
  A kobold (D:1)
7 creatures vanquished.

Notes
Turn   | Place    | Note
-------+----------+-------------------------------------------
     0 | D:1      | alphawulf the Minotaur Fighter began the quest for the Orb.
     0 | D:1      | Reached XP level 1. HP: 19/19 MP: 0/0
   238 | D:1      | Slain by a kobold

Illustrated notes

Levels and vault maps discovered:
D:1:      matt_arrival_grand_opening, layout_basic,
          ebering_ecumenical_altar_mist, dk_noncrumbling_4, minmay_tall_x

Action                   || total
-------------------------++-------
Melee: Long sword        ||     9
       Headbutt          ||     1
Armor: Scale mail        ||     5
Dodge: Dodged            ||     5
Block: Kite shield       ||     8
       Rpst.: Long sword ||     2
